 Dungeon Crawl Stone Soup version 0.30-b1-2-g02819fbbbe (webtiles) character file.

Game seed: 16995581429675112382

66 Xelenos the Trooper (level 4, -4/38 HPs)
             Began as a Formicid Fighter on Nov 5, 2023.
             Slain by an ice beast (5 damage)
             ... on level 3 of the Dungeon.
             The game lasted 00:03:25 (1980 turns).

Xelenos the Trooper (Formicid Fighter)              Turns: 1980, Time: 00:03:26

Health: -4/38      AC:  8    Str: 21    XL:     4   Next: 37%
Magic:  4/4        EV:  9    Int:  7    God:
Gold:   198        SH:  5    Dex: 15    Spells: 3/3 levels left

rFire   . . .        a - +0 trident
rCold   . . .        c - +0 buckler
rNeg    . . .        b - +0 scale mail
rPois   .            (helmet unavailable)
rElec   .            (no cloak)
rCorr   .            (no gloves)
SInv    +            f - +0 pair of boots
Will    .....        (no amulet) Stlth
                     (no ring)
HPRegen 0.26/turn    (no ring)
MPRegen 0.09/turn

%: no passive effects
@: no status effects
A: permanent stasis, dig shafts and tunnels, antennae 3, four strong arms
a: Dig, Shaft Self


You were on level 3 of the Dungeon.
You visited 1 branch of the dungeon, and saw 3 of its levels.

You collected 198 gold pieces.

Inventory:

Hand Weapons
 a - a +0 trident (weapon)
Armour
 b - a +0 scale mail (worn)
 c - a +0 buckler (worn)
 f - a +0 pair of boots (worn)
Scrolls
 i - 3 scrolls of identify {unknown}
 m - a scroll of noise {unknown}
Potions
 d - a potion of might
 e - a potion of magic {unknown}
 g - a potion of heal wounds {unknown}
 h - a potion of lignification {unknown}
 j - 4 potions of curing {unknown}
 k - a potion of mutation {unknown}
 l - a potion of attraction {unknown}


   Skills:
 + Level 4.4 Fighting
 - Level 2.0 Polearms
 + Level 4.4 Armour
 - Level 4.0 Shields


You had 3 spell levels left.
You didn't know any spells.
Your spell library contained the following spells:

 Spells                   Type           Power      Damage    Failure   Level
 Poisonous Vapours        Pois/Air       0%         N/A       92%         2
 Mephitic Cloud           Conj/Pois/Air  0%         N/A       99%         3
 Freezing Cloud           Conj/Ice/Air   0%         6-21      100%        5


Dungeon Overview and Level Annotations

Branches:
Dungeon (3/15)

Altars:


Innate Abilities, Weirdness & Mutations

You cannot be hasted, slowed, berserked, paralysed or teleported.
You can dig through walls and to a lower floor.
You have a pair of large antennae on your head. (SInv)
Your four strong arms can wield two-handed weapons with a shield.


Message History

You are too injured to fight recklessly!
You are too injured to fight recklessly!
You are too injured to fight recklessly!
You are too injured to fight recklessly!
You are too injured to fight recklessly!
You are too injured to fight recklessly!
You are too injured to fight recklessly!
You are too injured to fight recklessly!
You are too injured to fight recklessly!
You are too injured to fight recklessly!
You are too injured to fight recklessly!
You are too injured to fight recklessly!
You are too injured to fight recklessly!
You are too injured to fight recklessly!
You closely miss the ice beast.
The ice beast is lightly wounded.
The ice beast hits you but does no damage.
You barely miss the ice beast.
The ice beast is lightly wounded.
You block the ice beast's attack. The ice beast hits you.
The ice beast freezes you!
* * * LOW HITPOINT WARNING * * *
You hit the ice beast.
The ice beast is moderately wounded.
The ice beast hits you but does no damage.
You hit the ice beast.
The ice beast is moderately wounded.
The ice beast closely misses you.
You barely miss the ice beast.
The ice beast is moderately wounded.
The ice beast barely misses you.
You hit the ice beast but do no damage.
The ice beast is moderately wounded.
You block the ice beast's attack. The ice beast barely misses you.
You hit the ice beast but do no damage.
The ice beast is moderately wounded.
The ice beast hits you.
* * * LOW HITPOINT WARNING * * *
The ice beast freezes you.
You die...

##..........#
#.....<.##.##
#.......##.# .
#.......##.##.#
##............#
##............
##...........
#.#######..#
#..@Y......#
#########...


You could see an ice beast.

Vanquished Creatures
  An adder (D:2)
  3 worms (D:2)
  6 ball pythons
  6 endoplasms
  5 giant cockroaches (D:2)
  2 goblins
  6 hobgoblins
  2 quokkas
  4 bats
  2 frilled lizards
  3 kobolds
  6 rats
46 creatures vanquished.

Vanquished Creatures (others)
  3 plants (D:2)
3 creatures vanquished.

Grand Total: 49 creatures vanquished

Notes
Turn   | Place    | Note
-------+----------+-------------------------------------------
     0 | D:1      | Xelenos the Formicid Fighter began the quest for the Orb.
     0 | D:1      | Reached XP level 1. HP: 18/18 MP: 1/1
    18 | D:1      | Found Xeyhid's Vocational Training.
   208 | D:1      | Reached XP level 2. HP: 24/24 MP: 2/2
   666 | D:1      | Reached XP level 3. HP: 30/30 MP: 3/3
   938 | D:2      | Found a faded altar of an unknown god.
  1435 | D:2      | Reached XP level 4. HP: 18/37 MP: 4/4
  1968 | D:3      | Noticed an ice beast
  1980 | D:3      | HP: 1/38 [ice beast (3)]
  1980 | D:3      | Slain by an ice beast

Illustrated notes

Levels and vault maps discovered:
D:1:      minmay_arrival_stone_box, layout_basic, nicolae_shop_vocational
D:2:      minmay_chambers_of_twos, layout_basic,
          shapermc_ecumenical_altar_mp_urbaneastern, bh_walls_and_bars
D:3:      layout_loops_ring, lemuel_doored_altar

Skill      XL: |  1  2  3 |
---------------+----------+-----
Fighting       | 4 |  4.4
Armour         | 4 |  4.4
Polearms       | |  2.0
Shields        | |  4.0

Action                     |  1- 3 |  4- 6 || total
---------------------------+-------+-------++-------
  Melee: Trident           |   110 |    36 ||   146
 Armour: Scale mail        |    23 |    10 ||    33
  Dodge: Dodged            |    26 |    14 ||    40
  Block: Buckler           |    25 |     5 ||    30
